 Dungeon Crawl Stone Soup version 0.27-a0-417-g317cea8a3c (webtiles) character file.

Game seed: 2440710606218599611

1181 wakim the Ducker (level 8, -1/54 HPs)
             Began as an Octopode Transmuter on Feb 25, 2021.
             Was an Initiate of Gozag.
             Slain by a phantom (9 damage)
             ... on level 6 of the Dungeon.
             The game lasted 00:31:31 (7139 turns).

wakim the Ducker (Octopode Transmuter)              Turns: 7139, Time: 00:31:32

Health: -1/54      AC:  1    Str:  9    XL:     8   Next: 42%
Magic:  12/12      EV: 16    Int: 18    God:    Gozag
Gold:   589        SH:  0    Dex: 12    Spells: 12/13 levels left

rFire    . . .     SeeInvis .   a - +3 war axe (vorpal)
rCold    . . .     Faith    .   (no shield)
rNeg     . . .     Spirit   .   (helmet currently unavailable)
rPois    .         Reflect  .   (no amulet)
rElec    .         Harm     .   k - ring of resist corrosion
rCorr    +         Rampage  .   (no ring)
Will     .....                  (no ring)
Stlth    ++........             (no ring)
HPRegen  0.18/turn              (no ring)
MPRegen  0.13/turn              (no ring)
                                (no ring)
                                (no ring)

@: appendages
A: almost no armour, stealthy swim, amphibious, 8 rings, constrict 8, tentacle
spike 3, camouflage 1, gelatinous body 1
a: End Transformation, Renounce Religion, Potion Petition, Call Merchant, Bribe
Branch


You were on level 6 of the Dungeon.
You worshipped Gozag.
Gozag was pleased with you.
One of your tentacles had a temporary spike.
You visited 1 branch of the dungeon, and saw 6 of its levels.

You collected 687 gold pieces.
You spent 80 gold pieces at shops.
You paid 18 gold pieces to Gozag.

Inventory:

Hand Weapons
 a - a +3 vorpal war axe (weapon)
 b - a +0 shortbow
Missiles
 c - 7 javelins
 j - 4 throwing nets
 y - 31 poisoned darts
 C - 60 arrows
Jewellery
 k - a ring of resist corrosion (left tentacle)
Scrolls
 h - 2 scrolls of enchant weapon
 l - 2 scrolls of magic mapping {unknown}
 n - a scroll of noise {unknown}
 p - 2 scrolls of enchant armour {unknown}
 s - 5 scrolls of teleportation {unknown}
 t - a scroll of blinking {unknown}
 u - a scroll of amnesia {unknown}
 x - a scroll of fear {unknown}
 B - 4 scrolls of identify
Potions
 d - a potion of mutation {unknown}
 e - a potion of ambrosia {unknown}
 f - a potion of haste
 g - 2 potions of magic {unknown}
 i - 4 potions of curing
 m - a potion of attraction {unknown}
 q - 3 potions of might {unknown}
 r - 3 potions of lignification {unknown}
 v - 2 potions of brilliance {unknown}
 w - 4 potions of heal wounds
 z - a potion of flight {unknown}
 A - a potion of berserk rage {unknown}


   Skills:
 + Level 4.3 Fighting
 * Level 7.0 Dodging
 + Level 3.3 Unarmed Combat
 - Level 3.0 Spellcasting
 - Level 5.0 Transmutations


You had 12 spell levels left.
You knew the following spells:

 Your Spells              Type           Power        Failure   Level
a - Beastly Appendage     Tmut           40%          1%          1

Your spell library contained the following spells:

 Spells                   Type           Power        Failure   Level
 Wereblood                Tmut           20%          3%          2
 Spider Form              Tmut/Pois      5%           17%         3
 Ice Form                 Ice/Tmut       11%          50%         4
 Blade Hands              Tmut           10%          50%         5


Dungeon Overview and Level Annotations

Branches:
Dungeon (6/15)
 Temple: D:4-7

Altars:
Gozag

Shops:
D:5 !


Innate Abilities, Weirdness & Mutations

You cannot wear most types of armour.
You are very stealthy in the water. (Stealth+)
You are amphibious.
You can wear up to eight rings at the same time.
You can use your tentacles to constrict eight enemies at once.
Your skin changes colour to match your surroundings (Stealth+).
Your rubbery body absorbs attacks. (AC +1, EV +1)
One of your tentacles bears a large vicious spike.


Message History

You hit the phantom. Your squeeze misses the phantom.
The phantom is lightly damaged.
The phantom hits you.
The phantom blinks!
You blink.
Found 28 bolts.
An adder skeleton comes into view.
Casting: Beastly Appendage (safe; 1% risk of failure)
Confirm with . or Enter, or press ? or * to list all spells.
One of your tentacles grows a vicious spike.
The bullfrog zombie hits you. The phantom barely misses you.
The bullfrog zombie misses you.
You slash the phantom!
You pierce the phantom, but do no damage.
The phantom is heavily damaged.
You hit the bullfrog zombie. The phantom barely misses you.
The bullfrog zombie hits you. The phantom hits you!
The phantom blinks!
You blink.
Found a stone staircase leading up.
You closely miss the phantom. Your squeeze misses the phantom.
The phantom is heavily damaged.
The phantom hits you.
The phantom blinks!
You blink.
You hit the phantom.
You pierce the phantom.
The phantom is severely damaged.
The phantom hits you.
The phantom hits you but does no damage.
The bullfrog zombie misses you.
You hit the phantom.
Your tentacle spike misses the phantom.
The phantom is severely damaged.
You hit the bullfrog zombie. The bullfrog zombie hits you.
The phantom hits you!
* * * LOW HITPOINT WARNING * * *
The adder skeleton closely misses you. The bullfrog zombie closely misses you.
You closely miss the phantom.
You pierce the phantom.
Your squeeze misses the phantom.
The phantom is almost destroyed.
You slash the bullfrog zombie! You slash the adder skeleton!
The phantom hits you!
* * * LOW HITPOINT WARNING * * *
The phantom blinks!
You blink.
The phantom hits you!
You die...
Your body crumbles into a pile of gold.

#.#### #))# ##
##.# .# #.# ..
#.##..# #.##..#
####$##..#
#........####
###.....(.....#
#....W@.Z.....#
#.#....Z(.....#
..........§....#
.........§.....#
...............#
..........(....#
...............#
.................
$ ......##.......


You could see a phantom, a bullfrog zombie and an adder skeleton.

Vanquished Creatures
  Grinder (D:3)
  Sigmund (D:3)
  2 ogres (D:4)
  A centaur (D:5)
  A howler monkey (D:6)
  A jelly (D:5)
  A bullfrog zombie (D:5)
  A hound (D:4)
  Ijyb (D:3)
  Natasha (thrice) (D:3)
  4 worker ants
  2 worker ant zombies (D:5)
  6 gnolls
  A howler monkey skeleton (D:5)
  7 adders
  A white imp (D:5)
  2 worms
  4 dart slugs
  5 leopard geckos
  An orc (D:3)
  5 giant cockroaches
  7 goblins
  4 hobgoblins
  10 jackals
  10 kobolds
  3 quokkas
  10 bats
  6 frilled lizards
  8 rats
109 creatures vanquished.

Vanquished Creatures (others)
  15 plants (D:2)
15 creatures vanquished.

Grand Total: 124 creatures vanquished

Notes
Turn   | Place    | Note
-------+----------+-------------------------------------------
     0 | D:1      | wakim the Octopode Transmuter began the quest for the Orb.
     0 | D:1      | Reached XP level 1. HP: 13/13 MP: 3/3
   250 | D:1      | Reached XP level 2. HP: 18/18 MP: 3/5
  1088 | D:2      | Reached XP level 3. HP: 22/23 MP: 6/6
  1569 | D:2      | Found an opulent altar of Gozag.
  1578 | D:2      | Became a worshipper of Gozag Ym Sagoz the Greedy
  1601 | D:2      | Reached XP level 4. HP: 23/28 MP: 5/7
  2881 | D:3      | Reached skill level 3 in Dodging
  2881 | D:3      | Reached XP level 5. HP: 33/33 MP: 7/9
  3131 | D:3      | Noticed Grinder
  3136 | D:3      | Paralysed by Grinder for 7 turns
  3136 | D:3      | Noticed Sigmund
  3186 | D:3      | Paralysed by Grinder for 6 turns
  3419 | D:3      | Noticed Natasha
  3605 | D:3      | Noticed Ijyb
  3643 | D:3      | Killed Ijyb
  4051 | D:3      | Paralysed by Grinder for 2 turns
  4059 | D:3      | Paralysed by Grinder for 5 turns
  4070 | D:3      | Killed Grinder
  4071 | D:3      | Reached skill level 4 in Dodging
  4071 | D:3      | Reached XP level 6. HP: 9/39 MP: 10/10
  4288 | D:3      | Killed Sigmund
  4289 | D:3      | Reached skill level 5 in Dodging
  4289 | D:3      | Reached XP level 7. HP: 30/45 MP: 11/11
  4394 | D:3      | Killed Natasha
  4395 | D:3      | Reached skill level 5 in Transmutations
  5414 | D:5      | Entered Level 5 of the Dungeon
  5420 | D:5      | Reached skill level 6 in Dodging
  5591 | D:5      | Reached XP level 8. HP: 35/54 MP: 10/12
  5982 | D:5      | Found Ciogits's Distillery.
  6023 | D:5      | Bought a potion of curing for 30 gold pieces
  6023 | D:5      | Bought a potion of heal wounds for 50 gold pieces
  6385 | D:3      | Noticed Natasha
  6394 | D:3      | Killed Natasha
  6509 | D:3      | Noticed Natasha
  6516 | D:3      | Killed Natasha
  6847 | D:6      | Reached skill level 7 in Dodging
  7139 | D:6      | Slain by a phantom

Illustrated notes

Levels and vault maps discovered:
D:1:      dpeg_arrival_rooms_c, layout_basic, solitary_fountain,
          nrook_mini_vaults, minmay_tetromino_l2
D:2:      layout_basic, serial_bayou, serial_bayou_shore_b, serial_bayou_pond_e,
          serial_bayou_pond_d, serial_bayou_lagoon_a, serial_bayou_pond_d,
          serial_bayou_lagoon_b, nicolae_gozag_cash_rules_everything_around_me
D:3:      wander_river, layout_rooms, chequers_serial_rivers_small_a,
          minivault_14, dk_noncrumbling_3, small_statue_intersection, uniq_ijyb,
          uniq_grinder, uniq_sigmund, uniq_natasha
D:4:      minmay_door_path, layout_rooms
D:5:      layout_rooms, serial_shops, nicolae_shop_trees, dk_noncrumbling_2
D:6:      layout_rooms, minmay_temple_entry_stoned_glass

Skill      XL: |  1  2  3  4  5  6  7  8 |
---------------+-------------------------+-----
Transmutations | 3 4 5 |  5.0
Dodging        | 3 4 5 6 7 |  7.0
Spellcasting   | 3 |  3.0
Fighting       | 2 3 4 |  4.3
Unarmed Combat | |  3.3

Action                   |  1- 3 |  4- 6 |  7- 9 || total
-------------------------+-------+-------+-------++-------
Melee: Unarmed           |     8 |       |       ||     8
       Constrict         |    28 |    20 |    11 ||    59
       Kick              |    25 |    10 |    13 ||    48
       Tentacles         |    10 |     8 |    12 ||    30
       Punch             |     2 |     1 |     1 ||     4
       Dagger            |    81 |       |       ||    81
       Spear             |       |    53 |       ||    53
       War axe           |       |    39 |    63 ||   102
 Fire: Shortbow          |       |       |    43 ||    43
Throw: Javelin           |     6 |    20 |     7 ||    33
       Dart              |       |       |    13 ||    13
 Cast: Beastly Appendage |    28 |    24 |    13 ||    65
  Use: Scroll            |       |     2 |       ||     2
       Potion            |       |     1 |       ||     1
 Stab: Sleeping          |     3 |     3 |     2 ||     8
       Distracted        |       |     1 |       ||     1
Armor: Skin              |     6 |     8 |     2 ||    16
Dodge: Dodged            |    60 |    72 |    58 ||   190

Table legend: (Time is in decaauts)
 A = Elapsed time spent in this place.
 B = Non-inter-level travel time spent in this place.
 C = Inter-level travel time spent in this place.
 D = Time resting spent in this place.
 E = Time spent auto-exploring this place.
 F = Levels seen in this place.
 G = Mean time per level.
                   A        B        C        D        E       F      G
               +--------+--------+--------+--------+--------+-----+--------+
         Total |   7204 |   6932 |    272 |   2959 |   2208 |   6 | 1200.7 |
       Dungeon |   7204 |   6932 |    272 |   2959 |   2208 |   6 | 1200.7 |
               +--------+--------+--------+--------+--------+-----+--------+

Top non-repeatable levels by time:
     D:3: 2070 daAuts
     D:2: 1738 daAuts
     D:5: 1391 daAuts
     D:1: 1070 daAuts
     D:4: 851 daAuts
     D:6: 82 daAuts
